 Dungeon Crawl Stone Soup version 0.31-a0-202-g547052bce9 (webtiles) character file.

Game seed: 14632575960387439545

107 qw the Skirmisher (level 4, 0/25 HPs)
             Began as a Deep Elf Hunter on June 26, 2023.
             Slain by Robin
             ... wielding a +0 spear
              (5 damage)
             ... on level 3 of the Dungeon.
             The game lasted 00:00:41 (1985 turns).

qw the Skirmisher (Deep Elf Hunter)                 Turns: 1985, Time: 00:00:41

Health: 0/25       AC:  3    Str: 10    XL:     4   Next: 57%
Magic:  6/6        EV: 12    Int: 14    God:
Gold:   20         SH:  0    Dex: 18    Spells: 3/3 levels left

rFire   . . .        Y - +2 shortbow (flame)
rCold   . . .        (shield currently unavailable)
rNeg    . . .        c - +0 leather armour
rPois   .            (no helmet)
rElec   .            (no cloak)
rCorr   .            (no gloves)
SInv    .            (no boots)
Will    .....        (no amulet)
Stlth   ++           (no ring)
HPRegen 0.24/turn    (no ring)
MPRegen 0.10/turn

%: no passive effects
@: no status effects
A: no striking features
a: no special abilities


You were on level 3 of the Dungeon.
You visited 1 branch of the dungeon, and saw 3 of its levels.

You collected 92 gold pieces.
You spent 72 gold pieces at shops.


   Skills:
 - Level 1.5 Fighting
 + Level 8.0 Ranged Weapons
 - Level 2.4 Dodging
 - Level 1.2 Stealth


You had 3 spell levels left.
You didn't know any spells.
Your spell library was empty.

Inventory:

Hand Weapons
 Y - a +2 shortbow of flaming (weapon)
Armour
 c - a +0 leather armour (worn)
 j - a +1 hat
Jewellery
 d - a +6 ring of dexterity
 h - a ring of positive energy
Scrolls
 b - a scroll of teleportation {unknown}
 f - a scroll of blinking {unknown}
 i - a scroll of identify
Potions
 a - a potion of haste
 e - 4 potions of curing
 g - a potion of resistance {unknown}

Dungeon Overview and Level Annotations

Branches:
Dungeon (3/15)

Altars:

Shops:
D:2 ?

Annotations:
D:3 Robin


Message History

You kill the goblin!
Robin roars a battlecry!
The hobgoblins go into a battle-frenzy!
A goblin comes into view. It is wielding a +0 dagger.
You shoot an arrow. The arrow barely misses the hobgoblin.
The hobgoblin barely misses you.
You shoot an arrow. The arrow barely misses the hobgoblin.
The hobgoblin hits you.
You shoot an arrow. The arrow hits the hobgoblin.
The arrow burns the hobgoblin.
The hobgoblin is heavily wounded.
The hobgoblin barely misses you.
You shoot an arrow. The arrow barely misses the hobgoblin.
Robin barely misses you.
The hobgoblin hits you but does no damage.
You shoot an arrow. The arrow hits the hobgoblin.
The arrow burns the hobgoblin.
The hobgoblin is almost dead.
Robin hits you from afar with a +0 spear.
You shoot an arrow. The arrow hits the hobgoblin.
The arrow burns the hobgoblin.
You kill the hobgoblin!
Robin barely misses you.
Your Ranged Weapons skill increases to level 8!
You shoot an arrow. The arrow closely misses the hobgoblin.
Robin throws the goblin at you! The hobgoblin hits you.
The goblin hits you but does no damage.
You shoot an arrow. The arrow closely misses the goblin.
Robin hits you but does no damage. The hobgoblin closely misses you.
The goblin hits you with a +0 dagger.
You shoot an arrow. The arrow hits the goblin.
The arrow burns the goblin.
You kill the goblin!
Robin closely misses you. The hobgoblin misses you.
You shoot an arrow. The arrow hits the hobgoblin!
The arrow burns the hobgoblin.
You kill the hobgoblin!
Robin hits you from afar with a +0 spear.
You shoot an arrow.
The arrow hits Robin but does no damage.
Robin hits you from afar with a +0 spear.
You shoot an arrow. The arrow hits Robin!
The arrow burns Robin.
Robin is severely wounded.
Robin hits you from afar with a +0 spear.
You die...

#.#.######.......
#.
#.#.......#######
#. #.#.#####.#
####.##.#.. #.#
#..)..#.#.# #.#
#.....#.#.#.# #.#
#....g#.#.#.# #.#
#....)#.#.#.###.##
#.....@..........#
......)###.##.##?.#
..............<#..#
.......#<#.....#..#
.......#.###......#
.......#.#.......##
.......#.#.#.#####
.......#.#.#...:.#
#.#.#####.#


You could see Robin.

Vanquished Creatures
  3 adders
  2 worms (D:2)
  4 dart slugs
  3 ball pythons
  7 bats
  5 endoplasms
  13 goblins
  10 hobgoblins
  2 quokkas
  A frilled lizard (D:1)
  3 kobolds
  7 rats
60 creatures vanquished.

Notes
Turn   | Place    | Note
-------+----------+-------------------------------------------
     0 | D:1      | qw the Deep Elf Hunter began the quest for the Orb.
     0 | D:1      | Reached XP level 1. HP: 12/12 MP: 3/3
     0 | D:1      | 0 ||| qw: Version: 0.3-a-22-g0ed2b0b
     0 | D:1      | 0 ||| qw: Game counter: 5963
     0 | D:1      | 0 ||| qw: Melee chars always use a shield: true
     0 | D:1      | 0 ||| qw: God list: Okawaru
     0 | D:1      | 0 ||| qw: Allow faded altars: false
     0 | D:1      | 0 ||| qw: Do Orc after clearing Dungeon:15 true
     0 | D:1      | 0 ||| qw: Do second Lair branch before Depths: true
     0 | D:1      | 0 ||| qw: Lair rune preference: random
     0 | D:1      | 0 ||| qw: Goals: Normal
     0 | D:1      | 0 ||| PLANNING D:1-11
    42 | D:1      | HP: 1/12 [quokka (4)]
   164 | D:1      | Reached skill level 6 in Ranged Weapons
   164 | D:1      | Reached XP level 2. HP: 16/16 MP: 4/4
   552 | D:1      | Reached XP level 3. HP: 19/20 MP: 5/5
   740 | D:1      | 740 ||| DROPPING ring of wizardry.
   741 | D:1      | 741 ||| READING scroll labelled BELEGIM SIBLE.
   742 | D:1      | 742 ||| DRINKING 2 coppery potions.
   743 | D:1      | 743 ||| DROPPING scroll of butterflies.
   903 | D:2      | Reached skill level 7 in Ranged Weapons
  1065 | D:2      | 1065 ||| READING scroll of enchant weapon.
  1065 | D:2      | 1065 ||| ENCHANTING +1 shortbow.
  1066 | D:2      | Found Iwnamacki's Magic Scroll Shop.
  1072 | D:2      | 1072 ||| BUYING 3 scrolls of identify (72 gold).
  1072 | D:2      | Bought 3 scrolls of identify for 72 gold pieces
  1072 | D:2      | 1072 ||| SHOPLISTING 3 scrolls of teleportation (108 gold,
                  | have 1).
  1072 | D:2      | 1072 ||| SHOPLISTING scroll of identify (24 gold, have 1).
  1072 | D:2      | 1072 ||| SHOPLISTING scroll of teleportation (36 gold, have
                  | 1).
  1131 | D:2      | Found a faded altar of an unknown god.
  1133 | D:2      | 1133 ||| Stepping ~*~*~tactically~*~*~ (water).
  1490 | D:2      | 1490 ||| READING scroll labelled YSTRAPLIYRY.
  1491 | D:2      | 1491 ||| READING scroll labelled SESKUNO RORGHUSK.
  1492 | D:2      | 1492 ||| READING scroll labelled DEMASUO JUNNA.
  1493 | D:2      | 1493 ||| READING scroll labelled REJ XALUNN.
  1494 | D:2      | 1494 ||| DRINKING 2 smoky green potions.
  1495 | D:2      | 1495 ||| READING 3 scrolls of identify.
  1495 | D:2      | 1495 ||| IDENTIFYING clear potion
  1496 | D:2      | 1496 ||| READING 2 scrolls of identify.
  1496 | D:2      | 1496 ||| IDENTIFYING dark potion
  1497 | D:2      | 1497 ||| DROPPING potion of brilliance.
  1498 | D:2      | 1498 ||| DROPPING potion of invisibility.
  1584 | D:3      | Reached XP level 4. HP: 25/25 MP: 6/6
  1968 | D:3      | Noticed Robin
  1980 | D:3      | Reached skill level 8 in Ranged Weapons
  1983 | D:3      | HP: 6/25 [Robin/+0 spear (6)]
  1985 | D:3      | Slain by Robin

Levels and vault maps discovered:
D:1:      dpeg_arrival_simpleton_b, layout_loops_ring,
          amcnicky_mini_rare_corridor_liquid
D:2:      layout_basic, serial_shops, nicolae_shop_tiny_real_fake_doors,
          nicolae_ecumenical_lake_church, minmay_pentomino_p2
D:3:      layout_basic, gammafunk_ghost_smash, glass_columns_c, uniq_ijyb,
          uniq_robin

Skill      XL: |  1  2  3  4 |
---------------+-------------+-----
Ranged Weapons | 6 7 8 |  8.0
Fighting       | |  1.5
Dodging        | |  2.4
Stealth        | |  1.2

Action                     |  1- 3 |  4- 6 || total
---------------------------+-------+-------++-------
   Fire: Shortbow          |   103 |    38 ||   141
    Use: Scroll            |     8 |       ||     8
         Potion            |     2 |       ||     2
 Armour: Leather armour    |     5 |     5 ||    10
  Dodge: Dodged            |    18 |    11 ||    29

Table legend:
 A = Non-vault XP
 B = Vault XP
 C = Vault XP percentage of total XP
 D = Non-vault monster count
 E = Vault monster count
 F = Vault count percentage of total count
                 A         B        C        D         E       F
            +---------+---------+-------+---------+---------+-------
      Total |     123 |      31 |  20.1 |      50 |      10 |  16.7
            +---------+---------+-------+---------+---------+-------
        D:1 |      43 |       0 |   0.0 |      24 |       0 |   0.0
        D:2 |      28 |      16 |  36.4 |      11 |       2 |  15.4
        D:3 |      52 |      15 |  22.4 |      15 |       8 |  34.8
            +---------+---------+-------+---------+---------+-------
